 Dungeon Crawl Stone Soup version 0.24-a0-459-g225fefd530 (webtiles) character file.

Game seed: 16240537091416588010

2162 Arthanis the Arsonist (level 9, -2/45 HPs)
             Began as a Deep Elf Fire Elementalist on June 28, 2019.
             Killed from afar by an orc wizard (16 damage)
             ... with a puff of frost
             ... on level 6 of the Dungeon.
             The game lasted 00:12:33 (4431 turns).

Arthanis the Arsonist (Deep Elf Fire Elementalist)  Turns: 4431, Time: 00:12:34

Health: -2/45      AC:  3    Str:  5    XL:     9   Next: 10%
Magic:  0/22       EV: 13    Int: 24    God:
Gold:   100        SH:  0    Dex: 15    Spells: 10/23 levels left

rFire    + + .     SeeInvis .   C - +1 dagger (venom)
rCold    x x .     Gourm    .   (no shield)
rNeg     . . .     Faith    .   a - +0 robe
rPois    .         Spirit   .   (no helmet)
rElec    .         Reflect  .   (no cloak)
rCorr    .         Harm     .   (no gloves)
MR       .....                  d - +0 pair of boots
Stlth    ++........             (no amulet)
HPRegen  0.15/turn              B - ring of fire
MPRegen  0.18/turn              o - ring of fire

@: no status effects
A: no striking features
a: no special abilities


You were on level 6 of the Dungeon.
You were not hungry.

You visited 1 branch of the dungeon, and saw 6 of its levels.

You collected 195 gold pieces.
You spent 95 gold pieces at shops.

Inventory:

Hand Weapons
 n - a +0 spear
 p - a +2 morningstar of protection
 r - a +0 scythe
 C - a +1 dagger of venom (weapon)
Missiles
 F - a throwing net (quivered)
Armour
 a - a +0 robe (worn)
 d - a +0 pair of boots (worn)
 k - a +1 leather armour of fire resistance
Jewellery
 h - an uncursed ring of flight
 o - a ring of fire (right hand)
 B - a ring of fire (left hand)
Wands
 D - a wand of enslavement (3)
Scrolls
 b - a scroll of fear {unknown}
 f - a scroll of enchant armour {unknown}
 g - 2 scrolls of fog
 j - 2 scrolls of immolation
 l - 2 scrolls of amnesia
 m - 6 scrolls of teleportation
 s - 3 scrolls of remove curse
 v - 2 scrolls of enchant weapon
 x - 2 scrolls of noise
 y - 2 scrolls of magic mapping
Potions
 e - 5 potions of heal wounds
 i - 2 potions of agility {unknown}
 q - 7 potions of curing
 t - 2 potions of degeneration {unknown}
 u - a potion of lignification {unknown}
 w - 2 potions of flight
 z - a potion of brilliance {unknown}
 A - 4 potions of mutation
Comestibles
 c - 15 rations
 E - 13 chunks of flesh


   Skills:
 - Level 2.4 Dodging
 - Level 2.4 Stealth
 + Level 7.5 Spellcasting
 * Level 8.4 Conjurations
 * Level 9.0 Fire Magic


You had 10 spell levels left.
You knew the following spells:

 Your Spells              Type           Power        Failure   Level  Hunger
a - Flame Tongue          Conj/Fire      #####        1%          1    None
b - Conjure Flame         Conj/Fire      #######.     1%          3    None
c - Sticky Flame          Conj/Fire      #######.     1%          4    ###....
d - Fireball              Conj/Fire      #######...   5%          5    #####..

Your spell library contained the following spells:

 Spells                   Type           Power        Failure   Level  Hunger
 Throw Flame              Conj/Fire      ######       1%          2    None
 Inner Flame              Hex/Fire       ######..     3%          3    None


Dungeon Overview and Level Annotations

Branches:
Dungeon (6/15)
 Temple: D:4-7

Altars:
Dithmenos
Gozag
Nemelex Xobeh
Qazlal
Sif Muna

Shops:
D:4 [   D:5 ?

Annotations:
D:5 1 runed translucent door, zkyp's ghost, novice MiNe
D:6 3 runed translucent doors, hitsuchi's ghost, novice OpTm


Message History

You feel a strong surge of power!
The flame tongue hits the ogre.
The ogre is almost dead.
The ogre barely misses you.
Casting: Flame Tongue (safe; 1% risk of failure)
Confirm with . or Enter, or press ? or * to list all spells.
Aiming: Flame Tongue (safe; 1% risk of failure)
Press: ? - help, Shift-Dir - straight line, f/p - ogre
Aim: an ogre, wielding a +0 giant club (almost dead)
You feel a strong surge of power!
The flame tongue hits the ogre!
You kill the ogre!
Your Fire Magic skill increases to level 9!
You hear some strange, mumbled words.
A puff of frost appears from out of thin air!
The puff of frost hits you.
You feel a terrible chill!
A puff of flame appears from out of thin air!
The puff of flame hits you. You resist.
You hear some strange, mumbled words.
A puff of frost appears from out of thin air!
The puff of frost hits you!
You feel a terrible chill!
You die...

#............
#.....>[)))..
#......).÷##+
#.......÷##KW
#........#KK#
###........#8K#
############.....)....#K.#
#.......#.!..#........##..
##.......#@# #.........##$
##..?.......#
###..########
..........### #<#......#
#!....).########.#......##
#.......#........#.[....##
#............####.......#.
#.........................
#..(....#.................
#.......#....#.#..........


There were no monsters in sight!

Vanquished Creatures
  A hippogriff (D:6)
  Sigmund (D:2)
  2 phantoms (D:5)
  A sky beast (D:5)
  A centaur (D:6)
  2 ice beasts
  2 ogres
  2 bullfrogs
  A scorpion (D:2)
  2 crimson imps (D:5)
  A hound (D:6)
  4 orc priests
  A bullfrog skeleton (D:5)
  5 orc wizards
  Ijyb (D:5)
  Natasha (thrice) (D:2)
  3 iguanas
  4 worker ants
  Terence (D:2)
  10 adders
  7 gnolls
  A shadow imp (D:6)
  2 oozes
  3 worms
  2 dart slugs (D:2)
  4 leopard geckos
  20 orcs
  3 ball pythons
  10 bats
  4 giant cockroaches
  2 goblins (D:3)
  A hobgoblin (D:3)
  7 jackals
  3 quokkas
  4 frilled lizards
  A kobold (D:2)
  11 rats
133 creatures vanquished.

Vanquished Creatures (others)
  A fungus (D:6)
  A plant (D:6)
2 creatures vanquished.

Grand Total: 135 creatures vanquished

Notes
Turn   | Place    | Note
-------+----------+-------------------------------------------
     0 | D:1      | Arthanis the Deep Elf Fire Elementalist began the quest for
                  | the Orb.
     0 | D:1      | Reached XP level 1. HP: 10/10 MP: 6/6
   122 | D:1      | Reached XP level 2. HP: 9/15 MP: 4/8
  1109 | D:2      | Reached XP level 3. HP: 16/19 MP: 4/9
  1116 | D:2      | Reached skill level 4 in Fire Magic
  1155 | D:2      | Learned a level 3 spell: Conjure Flame
  1257 | D:2      | Found a stormy altar of Qazlal.
  1262 | D:2      | Noticed a scorpion
  1268 | D:2      | Killed a scorpion
  1268 | D:2      | Reached XP level 4. HP: 24/24 MP: 5/11
  1274 | D:2      | Learned a level 4 spell: Sticky Flame
  1352 | D:2      | Noticed Terence
  1353 | D:2      | Noticed Sigmund
  1355 | D:2      | Killed Terence
  1355 | D:2      | Reached XP level 5. HP: 22/28 MP: 4/13
  1369 | D:2      | Killed Sigmund
  1369 | D:2      | Reached skill level 5 in Fire Magic
  1369 | D:2      | Reached XP level 6. HP: 27/32 MP: 3/14
  1401 | D:2      | Learned a level 5 spell: Fireball
  1717 | D:2      | Noticed Natasha
  1726 | D:2      | Killed Natasha
  1824 | D:2      | Noticed Natasha
  1833 | D:2      | Killed Natasha
  1886 | D:2      | Noticed Natasha
  1890 | D:2      | Killed Natasha
  2073 | D:3      | Reached skill level 5 in Spellcasting
  2216 | D:3      | Reached skill level 5 in Conjurations
  2415 | D:3      | Found a deep blue altar of Sif Muna.
  2417 | D:3      | Found a sparkling altar of Nemelex Xobeh.
  2440 | D:3      | Found a shadowy altar of Dithmenos.
  2447 | D:3      | Reached skill level 6 in Fire Magic
  2590 | D:4      | Found Vugifae's Antique Armour Emporium.
  2664 | D:4      | Reached XP level 7. HP: 36/36 MP: 14/16
  2740 | D:4      | Found an opulent altar of Gozag.
  3236 | D:5      | Entered Level 5 of the Dungeon
  3240 | D:5      | Noticed Ijyb
  3278 | D:5      | Killed Ijyb
  3310 | D:5      | Reached skill level 7 in Fire Magic
  3359 | D:5      | Found Tuudas's Magic Scroll Shoppe.
  3367 | D:5      | Bought a scroll of identify for 20 gold pieces
  3367 | D:5      | Bought a scroll of magic mapping for 35 gold pieces
  3367 | D:5      | Bought a scroll of identify for 20 gold pieces
  3367 | D:5      | Bought a scroll of identify for 20 gold pieces
  3377 | D:5      | Found a runed translucent door.
  3379 | D:5      | Noticed zkyp's ghost (novice MiNe)
  3449 | D:5      | Reached XP level 8. HP: 41/41 MP: 15/19
  4081 | D:6      | Reached skill level 8 in Fire Magic
  4083 | D:6      | Noticed a hippogriff
  4092 | D:6      | Killed a hippogriff
  4300 | D:6      | Found a runed translucent gate.
  4300 | D:6      | Found a runed translucent gate.
  4300 | D:6      | Found a runed translucent gate.
  4302 | D:6      | Noticed hitsuchi's ghost (novice OpTm)
  4302 | D:6      | Noticed a kobold demonologist
  4415 | D:6      | Reached XP level 9. HP: 27/45 MP: 7/22
  4428 | D:6      | Reached skill level 9 in Fire Magic
  4431 | D:6      | Killed from afar by an orc wizard

Levels and vault maps discovered:
D:1:      psy_arrival_statuary, layout_basic, serial_co_window_serial,
          co_window_paths_a, co_window_of_opportunity_a, co_window_corner_a,
          co_window_paths_b, co_window_corner_a, co_window_corner_b,
          co_window_2corner, co_window_corner_b, co_window_unsneaky_path_d,
          co_window_broadway_a, glass_columns_a, serial_bayou_ford_a
D:2:      minmay_general_purpose_star, layout_basic,
          nicolae_qazlal_general_emergency, uniq_natasha, uniq_terence,
          uniq_sigmund
D:3:      layout_loops_ring, grunt_temple_overflow_open, first_ration,
          st_stairs_9, minivault_27, corexii_corridor_pit
D:4:      kennysheep_six_static_rooms, layout_basic, lemuel_doored_altar,
          serial_shops, nicolae_shop_temple_entry_statues_fountains
D:5:      layout_loops_ring, serial_shops, shop, ebering_ghost_inner_flame,
          uniq_ijyb
D:6:      layout_rooms, nicolae_overflow_hidden_temple, temple_green,
          gammafunk_ghost_nasty_kobolds, serial_shops, nicolae_shop_behind_doors

Skill      XL: |  1  2  3  4  5  6  7  8  9 |
---------------+----------------------------+-----
Conjurations   | 2 3 4 5 6 8 |  8.4
Fire Magic     | 4 5 6 7 8 9 |  9.0
Spellcasting   | 4 5 6 7 |  7.5
Dodging        | |  2.4
Stealth        | |  2.4

Action                   |  1- 3 |  4- 6 |  7- 9 || total
-------------------------+-------+-------+-------++-------
Melee: Unarmed           |     2 |       |       ||     2
       Morningstar       |       |    33 |       ||    33
       Dagger            |       |       |    73 ||    73
 Cast: Flame Tongue      |    42 |    69 |   127 ||   238
       Sticky Flame      |       |     4 |     6 ||    10
       Conjure Flame     |       |       |     3 ||     3
       Fireball          |       |       |     4 ||     4
  Use: Scroll            |       |       |     9 ||     9
       Potion            |       |       |     1 ||     1
 Stab: Sleeping          |     2 |     3 |     1 ||     6
  Eat: Chunk             |     1 |     5 |     4 ||    10
       Ration            |       |       |     1 ||     1
Armor: Robe              |     8 |    10 |    20 ||    38
Dodge: Dodged            |     8 |    35 |    65 ||   108

Table legend:
 A = Non-vault XP
 B = Vault XP
 C = Vault XP percentage of total XP
 D = Non-vault monster count
 E = Vault monster count
 F = Vault count percentage of total count
                 A         B        C        D         E       F
            +---------+---------+-------+---------+---------+-------
      Total |    2529 |     560 |  18.1 |     120 |      13 |   9.8
            +---------+---------+-------+---------+---------+-------
        D:1 |      32 |       0 |   0.0 |      14 |       0 |   0.0
        D:2 |     262 |     276 |  51.3 |      26 |       6 |  18.8
        D:3 |     114 |       9 |   7.3 |      23 |       3 |  11.5
        D:4 |     171 |     239 |  58.3 |      11 |       3 |  21.4
        D:5 |     936 |      36 |   3.7 |      23 |       1 |   4.2
        D:6 |    1014 |       0 |   0.0 |      23 |       0 |   0.0
            +---------+---------+-------+---------+---------+-------
